 Dungeon Crawl Stone Soup version 0.25-a0-265-g7af84ae0ac (webtiles) character file.

Game seed: 747185522530396287, levelgen mode: deterministic

644 Redear the Sneak (level 7, -8/49 HPs)
             Began as an Octopode Chaos Knight on Dec 8, 2019.
             Was a Plaything of Xom.
             Mangled by a river rat (10 damage)
             ... in a sewer.
             The game lasted 00:06:00 (2148 turns).

Redear the Sneak (Octopode Chaos Knight)            Turns: 2148, Time: 00:06:00

Health: -8/49      AC:  1    Str: 12    XL:     7   Next: 52%
Magic:  7/7        EV: 15    Int: 19    God:    Xom [.*....]
Gold:   151        SH:  0    Dex: 13    Spells: 6/6 levels left

rFire    . . .     SeeInvis .   a - +0 falchion (chaos)
rCold    . . .     Gourm    .   (no shield)
rNeg     . . .     Faith    .   (helmet restricted)
rPois    .         Spirit   .   (no amulet)
rElec    .         Reflect  .   (no ring)
rCorr    .         Harm     .   (no ring)
MR       .....                  (no ring)
Stlth    ++++......             (no ring)
HPRegen  0.16/turn              (no ring)
MPRegen  0.10/turn              (no ring)
                                (no ring)
                                (no ring)

@: brilliant
A: almost no armour, stealthy swim, amphibious, 8 rings, constrict 8, camouflage
1, gelatinous body 1
a: Renounce Religion


You were in a sewer.
You worshipped Xom.
You were a plaything of Xom.
You were not hungry.

You visited 1 branch of the dungeon, and saw 4 of its levels.
You also visited: Sewer.

You collected 151 gold pieces.

Inventory:

Hand Weapons
 a - a +0 falchion of chaos (weapon)
 c - a cursed -2 hunting sling
Jewellery
 m - an uncursed ring of protection from cold {unknown}
 r - a cursed +5 ring of intelligence {unknown}
Wands
 V - a wand of flame (20)
Scrolls
 b - a scroll of enchant armour
 g - a scroll of noise {unknown}
 i - a scroll of fear
 l - a scroll of teleportation {unknown}
 n - a scroll of magic mapping {unknown}
 o - a scroll of fog {unknown}
 N - 3 scrolls of remove curse
 R - a scroll of identify {@r1}
Potions
 f - a potion of invisibility {unknown}
 k - a potion of might {unknown}
 q - a potion of magic {unknown}
 s - 2 potions of heal wounds {unknown}
 H - a potion of haste {@q5}
Comestibles
 p - 5 chunks of flesh
 z - 2 rations


   Skills:
 + Level 4.9 Fighting
 + Level 4.9 Long Blades
 + Level 4.5 Dodging
 + Level 5.4 Stealth


You had 6 spell levels left.
You didn't know any spells.
Your spell library was empty.

Dungeon Overview and Level Annotations

Branches:
Dungeon (4/15)              Sewer (1/1)
 Temple: D:4-7

Altars:


Innate Abilities, Weirdness & Mutations

You cannot wear most types of armour.
You are very stealthy in the water. (Stealth+)
You are amphibious.
You can wear up to eight rings at the same time.
You can use your tentacles to constrict eight enemies at once.
Your skin changes colour to match your surroundings (Stealth+).
Your rubbery body absorbs attacks. (AC +1, EV +1)


Message History

You start resting.
You feel yourself slow down.
You start resting.
You float gracefully downwards.
A rat is nearby!
Unknown command.
Press: ? - help, v - describe, . - travel
Here: a river rat The floor.
You hit the river rat but do no damage. Your grab misses the river rat.
You squeeze the river rat.
The river rat is moderately wounded.
The river rat bites you!
* * * LOW HITPOINT WARNING * * *
You take 8 damage, and have 2/49 hp.
You hit the river rat but do no damage.
The river rat is poisoned.
Your grab misses the river rat.
The river rat is moderately wounded.
The river rat bites you!
You die... ############### #@r..∩rr..rr..≈ ###############

You could see a river rat and 2 rats.

Vanquished Creatures
  Pikel (D:4)
  2 slaves (D:4)
  An orc wizard (D:3)
  8 adders
  2 oozes
  5 worms
  2 dart slugs
  2 leopard geckos
  4 orcs (D:3)
  2 giant cockroaches
  4 goblins
  4 hobgoblins
  5 jackals
  A ball python (D:4)
  13 bats
  6 frilled lizards
  6 kobolds
  8 rats
76 creatures vanquished.

Vanquished Creatures (collateral kills)
  A hobgoblin (D:3)
  A frilled lizard (D:3)
2 creatures vanquished.

Grand Total: 78 creatures vanquished

Notes
Turn   | Place    | Note
-------+----------+-------------------------------------------
     0 | D:1      | Redear the Octopode Chaos Knight began the quest for the
                  | Orb.
     0 | D:1      | Reached XP level 1. HP: 16/16 MP: 1/1
   163 | D:1      | XOM: divination: detect creatures
   265 | D:1      | Reached skill level 1 in Stealth
   265 | D:1      | Reached XP level 2. HP: 17/21 MP: 2/2
   275 | D:1      | XOM: divination: detect items
   880 | D:2      | Reached XP level 3. HP: 24/26 MP: 3/3
   994 | D:2      | Reached skill level 2 in Stealth
  1042 | D:2      | Reached skill level 3 in Dodging
  1042 | D:2      | Reached XP level 4. HP: 31/31 MP: 4/4
  1300 | D:2      | XOM: silly message
  1417 | D:2      | XOM: noise
  1433 | D:3      | Reached skill level 3 in Stealth
  1478 | D:3      | Reached XP level 5. HP: 27/37 MP: 5/5
  1555 | D:3      | HP: 3/37 [poisoned by an adder]
  1635 | D:3      | XOM: confusion
  2012 | D:4      | Noticed Pikel
  2013 | D:4      | Noticed a slave
  2013 | D:4      | Noticed a slave
  2014 | D:4      | Found a glowing drain.
  2015 | D:4      | Noticed a slave
  2015 | D:4      | Noticed a slave
  2015 | D:4      | XOM: enchant monster (good)
  2018 | D:4      | XOM: enchant monster (bad)
  2027 | D:4      | XOM: destruction
  2029 | D:4      | XOM: smoke on damage
  2031 | D:4      | XOM: cleaving
  2032 | D:4      | Killed a slave
  2033 | D:4      | Killed a slave
  2038 | D:4      | Reached skill level 4 in Fighting
  2038 | D:4      | Reached skill level 4 in Long Blades
  2078 | D:4      | XOM: potion effect (heal wounds)
  2082 | D:4      | XOM: potion effect (brilliance)
  2082 | D:4      | XOM: smoke on damage
  2084 | D:4      | XOM: silly message
  2087 | D:4      | Killed Pikel
  2087 | D:4      | Reached skill level 4 in Dodging
  2087 | D:4      | Reached skill level 5 in Stealth
  2087 | D:4      | Reached XP level 6. HP: 5/45 MP: 6/6
  2087 | D:4      | Reached XP level 7. HP: 5/49 MP: 7/7
  2087 | D:4      | HP: 4/49 [ball python (1)]
  2106 | D:4      | XOM: harmless Fire miscast
  2111 | Sewer    | Entered a sewer
  2147 | Sewer    | HP: 2/49 [river rat (9)]
  2148 | Sewer    | Mangled by a river rat

Levels and vault maps discovered:
D:1:      grunt_arrival_lava_bath, layout_basic
D:2:      layout_loops_ring
D:3:      layout_rooms, solitary_fountain
D:4:      layout_loops_ring, cheibrodos_sewer_entry_sluice, first_ration,
          nicolae_dithmenos_through_a_glass_darkly, uniq_pikel
Sewer:    sewer_kobolds

Skill      XL: |  1  2  3  4  5 |
---------------+----------------+-----
Stealth        | 1 2 3 5 |  5.4
Dodging        | 3 4 |  4.5
Fighting       | 4 |  4.9
Long Blades    | 4 |  4.9

Action                   |  1- 3 |  4- 6 |  7- 9 || total
-------------------------+-------+-------+-------++-------
Melee: Falchion          |    40 |    96 |     5 ||   141
       Constrict         |    11 |    32 |     1 ||    44
       Tentacles         |     4 |    26 |     2 ||    32
  Use: Scroll            |       |     3 |       ||     3
       Potion            |       |     2 |       ||     2
 Stab: Sleeping          |     8 |     9 |     1 ||    18
  Eat: Chunk             |       |     4 |       ||     4
Armor: Skin              |     4 |     7 |       ||    11
Dodge: Dodged            |    20 |    63 |     2 ||    85
       Rpst.: Falchion   |     7 |    25 |       ||    32

Table legend:
 A = Non-vault XP
 B = Vault XP
 C = Vault XP percentage of total XP
 D = Non-vault monster count
 E = Vault monster count
 F = Vault count percentage of total count
                 A         B        C        D         E       F
            +---------+---------+-------+---------+---------+-------
      Total |     269 |     651 |  70.8 |      70 |       6 |   7.9
            +---------+---------+-------+---------+---------+-------
        D:1 |      27 |       0 |   0.0 |      13 |       0 |   0.0
        D:2 |     108 |       0 |   0.0 |      31 |       0 |   0.0
        D:3 |     119 |       0 |   0.0 |      24 |       0 |   0.0
        D:4 |      15 |     650 |  97.7 |       2 |       5 |  71.4
      Sewer |       0 |       1 | 100.0 |       0 |       1 | 100.0
            +---------+---------+-------+---------+---------+-------
